 Dungeon Crawl Stone Soup version 0.29.1-1-gd02db6906a (webtiles) character file.

Game seed: 12180093426805185729

56 xian the Trooper (level 3, 0/34 HPs)
             Began as a Minotaur Abyssal Knight on Oct 23, 2022.
             Was a Priest of Lugonu.
             Slain by an adder (4 damage)
             ... on level 2 of the Dungeon.
             The game lasted 00:02:36 (1369 turns).

xian the Trooper (Minotaur Abyssal Knight)          Turns: 1369, Time: 00:02:37

Health: 0/34       AC:  3    Str: 19    XL:     3   Next: 69%
Magic:  3/3        EV: 11    Int:  7    God:    Lugonu [***...]
Gold:   101        SH:  0    Dex: 10    Spells: 2/2 levels left

rFire   . . .      SeeInvis .   a - +1 hand axe
rCold   . . .      Faith    .   (no shield)
rNeg    . . .      Spirit   .   b - +0 leather armour
rPois   .          Reflect  .   (helmet restricted)
rElec   .          Harm     .   (no cloak)
rCorr   .          Rampage  .   (no gloves)
Will    .....                   (no boots)
Stlth   +.........              (no amulet)
HPRegen 0.11/turn               (no ring)
MPRegen 0.08/turn               (no ring)

@: lethally poisoned (0 -> -4)
A: horns 2, retaliatory headbutt
a: Renounce Religion, Depart the Abyss, Bend Space, Banish


You were on level 2 of the Dungeon.
You worshipped Lugonu.
Lugonu was most pleased with you.
You visited 1 branch of the dungeon, and saw 2 of its levels.
You visited the Abyss 1 time.

You collected 101 gold pieces.

Inventory:

Hand Weapons
 a - a +1 hand axe (weapon)
Armour
 b - a +0 leather armour (worn)
Scrolls
 c - a scroll of brand weapon {unknown}
 e - 3 scrolls of identify {unknown}
Potions
 d - 2 potions of lignification {unknown}
 f - a potion of might {unknown}


   Skills:
 + Level 4.7 Fighting
 + Level 3.5 Axes
 + Level 2.8 Armour
 + Level 1.3 Dodging
 * Level 1.9 Invocations


You had 2 spell levels left.
You didn't know any spells.
Your spell library was empty.

Dungeon Overview and Level Annotations

Branches:
Dungeon (2/15)

Altars:


Innate Abilities, Weirdness & Mutations

You have a pair of horns on your head.
You reflexively headbutt those who attack you in melee.


Message History

You hit the adder but do no damage. Your headbutt misses the adder.
The adder bites you.
You are poisoned.
The adder poisons you!
You miss the adder. Your headbutt misses the adder.
You feel sick. The adder barely misses you. The adder bites you.
You barely miss the adder. Your headbutt misses the adder.
You feel sick. The adder barely misses you.
You closely miss the adder.
You feel sick. The adder bites you. The adder closely misses you.
You hit the adder but do no damage.
You feel sick. The adder bites you but does no damage.
You closely miss the adder.
You feel sick. The adder bites you but does no damage.
You closely miss the adder. Your headbutt misses the adder.
You feel sick.
You are no longer poisoned.
The adder completely misses you. The adder bites you but does no damage.
You barely miss the adder. Your headbutt misses the adder.
The adder bites you but does no damage.
You barely miss the adder. Your headbutt misses the adder. The adder bites you.
You are poisoned.
The adder poisons you! The adder bites you.
You barely miss the adder.
You feel sick. The adder bites you but does no damage.
You miss the adder. Your headbutt misses the adder.
You feel sick. The adder bites you.
* * * LOW HITPOINT WARNING * * *
You are more poisoned.
The adder poisons you! The adder barely misses you.
You barely miss the adder.
* * * LOW HITPOINT WARNING * * *
You feel sick. The adder bites you but does no damage.
You barely miss the adder. Your headbutt misses the adder.
* * * LOW HITPOINT WARNING * * *
You feel sick. The adder bites you.
* * * LOW HITPOINT WARNING * * *
You closely miss the adder.
* * * LOW HITPOINT WARNING * * *
You feel sick. The adder barely misses you. The adder bites you.
You die...

# ...
..#..########
......S@)...#
###..######.#
... #.# . #.#
#.# #.# #.#
#. #.# #. #.#


You could see an adder.

Vanquished Creatures
  A gnoll (D:1)
  A worm (D:2)
  A dart slug (D:1)
  An endoplasm (D:1)
  A giant cockroach (D:1)
  4 goblins
  3 hobgoblins
  5 jackals (D:1)
  5 kobolds
  5 quokkas
  4 ball pythons (D:1)
  2 bats (D:1)
  A frilled lizard (D:1)
  3 rats
37 creatures vanquished.

Notes
Turn   | Place    | Note
-------+----------+-------------------------------------------
     0 | Abyss:1  | xian the Minotaur Abyssal Knight began the quest for the
                  | Orb.
     0 | Abyss:1  | Reached XP level 1. HP: 19/19 MP: 1/1
     1 | D:1      | Escaped the Abyss
   310 | D:1      | Reached skill level 4 in Fighting
   312 | D:1      | Reached XP level 2. HP: 27/27 MP: 2/2
   456 | D:1      | Found a faded altar of an unknown god.
   635 | D:1      | Reached XP level 3. HP: 30/34 MP: 3/3
  1299 | D:2      | Reached *** piety under Lugonu
  1369 | D:2      | Slain by an adder

Illustrated notes

Levels and vault maps discovered:
D:1:      minmay_arrival_diagonal_passages, layout_basic,
          ebering_ecumenical_altar_webs, minmay_pentomino_x2
D:2:      cheibrodos_fertilizer, layout_loops_ring

Skill      XL: |  1  2 |
---------------+-------+-----
Fighting       | 4 |  4.7
Axes           | 3 |  3.5
Armour         | |  2.8
Dodging        | |  1.3
Invocations    | |  1.9

Action                   || total
-------------------------++-------
Melee: Hand axe          ||    91
       Headbutt          ||     5
       Punch             ||     1
Armor: Leather armour    ||    30
Dodge: Dodged            ||    71
